 Dungeon Crawl Stone Soup version 0.20.1-1-g8b1a95d (webtiles) character file.

53 iopi the Ducker (level 3, 0/36 HPs)
             Began as a Troll Berserker on Oct 22, 2017.
             Was a Believer of Trog.
             Slain by a gnoll
             ... wielding a +0 halberd
              (17 damage)
             ... on level 2 of the Dungeon.
             The game lasted 00:10:04 (1036 turns).

iopi the Ducker (Troll Berserker)                   Turns: 1036, Time: 00:10:13

Health: 0/36       AC:  6    Str: 25    XL:     3   Next: 62%
Magic:  2/2        EV: 10    Int:  4    God:    Trog [**....]
Gold:   53         SH:  0    Dex:  9    Spells: 2/2 levels left

rFire    . . .     SeeInvis .   n - +0 hand axe
rCold    . . .     Gourm    +   (no shield)
rNeg     . . .     Faith    .   l - +0 robe
rPois    .         Spirit   .   (helmet restricted)
rElec    .         Reflect  .   m - +0 cloak
rCorr    .         Harm     .   (gloves unavailable)
MR       .....                  (boots unavailable)
Stlth    +.........             (no amulet)
Regen    0.6/turn               (no ring)
MPRegen  0.1/turn               (no ring)

@: berserk cooldown, slowed, very slow
A: unfitting armour, claws 3, fast metabolism 3, gourmand, regeneration 1,
shaggy fur 1, tough skin 2
a: Berserk, Trog's Hand, Burn Spellbooks, Renounce Religion


You were on level 2 of the Dungeon.
You worshipped Trog.
Trog was pleased with you.
You were not hungry.

You visited 1 branch of the dungeon, and saw 2 of its levels.

You collected 53 gold pieces.

Inventory:

Hand Weapons
 a - a +0 mace
 h - a +0 hand axe
 n - a +0 hand axe (weapon)
Armour
 b - a +0 animal skin
 l - a +0 robe (worn)
 m - a +0 cloak (worn)
Scrolls
 f - a scroll of remove curse
 j - a scroll of magic mapping
Potions
 d - a potion of agility {unknown}
 e - a potion of might {unknown}
 i - 4 potions of curing {unknown}
 k - 2 potions of mutation {unknown}
Comestibles
 c - a bread ration
 g - 3 fruits
 o - a royal jelly


   Skills:
 + Level 2.6 Fighting
 + Level 0.8(1.9) Axes
 + Level 3.0(3.1) Maces & Flails
 + Level 3.2 Dodging


You had 2 spell levels left.
You didn't know any spells.

Dungeon Overview and Level Annotations

Branches:
Dungeon (2/15)

Altars:


Innate Abilities, Weirdness & Mutations

You are too large for most types of armour.
You have claws for hands.
Your metabolism is lightning-fast.
You like to eat raw meat.
Your natural rate of healing is unusually fast.
You are covered in fur. (AC +1)
You have very tough skin. (AC +2)


Message History

You feel yourself slow down. The gnoll closely misses you.
The gnoll hits you with a spear.
You hit the gnoll.
The gnoll is lightly wounded.
You hit the gnoll. The gnoll completely misses you.
The gnoll barely misses you. The gnoll hits you but does no damage.
The gnoll misses you. The gnoll barely misses you.
The gnoll hits you but does no damage.
You closely miss the gnoll.
The gnoll is lightly wounded.
You hit the gnoll but do no damage. The gnoll closely misses you.
The gnoll barely misses you. x2; The gnoll hits you with a spear. x2
You barely miss the gnoll.
The gnoll is lightly wounded.
You hit the gnoll.
You kill the gnoll!
Trog accepts your kill. The gnoll barely misses you.
The gnoll hits you with a spear.
The gnoll hits you from afar with a halberd!
You die...

...##
.#.##
....# ###
... ...
...#<##
#.#...###
#g)g.....
#@#
#.##.#
#<...#
####.# #


You could see 2 gnolls.

Vanquished Creatures
  2 gnolls (D:2)
  A leopard gecko (D:1)
  A giant cockroach (D:1)
  3 goblins (D:1)
  3 hobgoblins (D:1)
  3 jackals (D:1)
  8 kobolds (D:1)
  6 bats (D:1)
  2 frilled lizards (D:1)
  A rat (D:1)
30 creatures vanquished.

Notes
Turn   | Place    | Note
-------+----------+-------------------------------------------
     0 | D:1      | iopi the Troll Berserker began the quest for the Orb.
     0 | D:1      | Reached XP level 1. HP: 22/22 MP: 0/0
   188 | D:1      | Reached XP level 2. HP: 29/29 MP: 1/1
   839 | D:1      | Reached ** piety under Trog
   839 | D:1      | Reached XP level 3. HP: 36/36 MP: 2/2
  1036 | D:2      | Slain by a gnoll

Skill      XL: |  1  2 |
---------------+-------+-----
Maces & Flails | 3 |  3.0
Dodging        | 3 |  3.2
Fighting       | |  2.6
Axes           | |  0.8

Action                   || total
-------------------------++-------
Melee: Mace              ||    33
       Hand axe          ||    73
Invok: Berserk           ||     1
  Use: Scroll            ||     3
  Eat: Meat ration       ||     1
       Bread ration      ||     1
Armor: Animal skin       ||    32
       Robe              ||    30
Dodge: Dodged            ||    98
